 Dungeon Crawl Stone Soup version 0.26-a0-1132-ge9770dfcb6 (webtiles) character file.

Game seed: 16525286453507361929

219 tilp the Changer (level 5, -6/34 HPs)
             Began as an Octopode Transmuter on Dec 20, 2020.
             Was a Follower of Nemelex Xobeh.
             Mangled by an ogre
             ... wielding a +0 giant spiked club
              (32 damage)
             ... on level 4 of the Dungeon.
             The game lasted 00:06:45 (4898 turns).

tilp the Changer (Octopode Transmuter)              Turns: 4898, Time: 00:06:45

Health: -6/34      AC:  1    Str:  9    XL:     5   Next: 96%
Magic:  8/8        EV: 13    Int: 18    God:    Nemelex Xobeh [*.....]
Gold:   179        SH:  0    Dex: 13    Spells: 5/8 levels left

rFire    . . .     SeeInvis .     - Unarmed
rCold    . . .     Faith    .   (no shield)
rNeg     . . .     Spirit   .   (helmet restricted)
rPois    .         Reflect  .   (no amulet)
rElec    .         Harm     .   (no ring)
rCorr    .         Rampage  .   (no ring)
Will     .....                  (no ring)
Stlth    +++.......             (no ring)
HPRegen  0.11/turn              (no ring)
MPRegen  0.11/turn              (no ring)
                                (no ring)
                                (no ring)

@: no status effects
A: almost no armour, stealthy swim, amphibious, 8 rings, constrict 8, camouflage
1, clever 1, wild magic 1, gelatinous body 1
a: Renounce Religion, Draw Escape, Draw Destruction, Draw Summoning


You were on level 4 of the Dungeon.
You worshipped Nemelex Xobeh.
Nemelex Xobeh was aware of your devotion.
You visited 1 branch of the dungeon, and saw 4 of its levels.

You collected 179 gold pieces.

Inventory:

Missiles
 c - 12 poisoned darts (quivered)
 k - 94 stones
Armour
 n - a +2 kite shield
Jewellery
 i - an uncursed ring of willpower {unknown}
 l - an uncursed ring of fire {unknown}
Scrolls
 a - 2 scrolls of teleportation
 b - a scroll of noise {unknown}
 d - a scroll of fog {unknown}
 e - a scroll of enchant armour {unknown}
 f - a scroll of amnesia {unknown}
 j - 2 scrolls of remove curse {unknown}
Potions
 g - a potion of lignification {unknown}
 h - a potion of flight
 m - a potion of attraction
 o - a potion of berserk rage {unknown}


   Skills:
 - Level 2.0 Fighting
 - Level 2.0 Dodging
 - Level 4.0 Stealth
 - Level 4.0 Unarmed Combat
 - Level 2.0 Spellcasting
 + Level 4.0 Transmutations


You had 5 spell levels left.
You knew the following spells:

 Your Spells              Type           Power        Failure   Level
a - Beastly Appendage     Tmut           42%          6%          1
b - Wereblood             Tmut           21%          9%          2

Your spell library contained the following spells:

 Spells                   Type           Power        Failure   Level
 Spider Form              Tmut/Pois      5%           32%         3
 Ice Form                 Ice/Tmut       11%          69%         4
 Blade Hands              Tmut           10%          75%         5


Dungeon Overview and Level Annotations

Branches:
Dungeon (4/15)
 Temple: D:4-7

Altars:
Ashenzari
Makhleb
Nemelex Xobeh

Annotations:
D:2 Terence


Innate Abilities, Weirdness & Mutations

You cannot wear most types of armour.
You are very stealthy in the water. (Stealth+)
You are amphibious.
You can wear up to eight rings at the same time.
You can use your tentacles to constrict eight enemies at once.
Your skin changes colour to match your surroundings (Stealth+).
Your rubbery body absorbs attacks. (AC +1, EV +1)
Your mind is acute. (Int +2)
Your spells are a little harder to cast, but a little more powerful.


Message History

You draw a card...
You have drawn the Storm.
A fierce wind blows from the card.
Your orb of destruction is blown away by the wind.
You hear a mighty peal of thunder!
Unknown command.
You draw a card...
You have drawn the Orb.
Press: ? - help, Shift-Dir - straight line, f/p - ogre
Aim: an ogre, wielding a +0 giant spiked club (magical condensation, lightly wounded, poisoned) Unknown command.
Your orb of destruction hits a rock wall.
The ogre looks more healthy.
You draw a card...
You have drawn the Tomb.
Walls emerge from the floor!
The ogre hits you with a +0 giant spiked club!
Unknown command.
You draw a card...
You have drawn the Tomb.
Nothing appears to happen.
The deck of cards glows slightly and disappears.
The ogre hits you with a +0 giant spiked club!!
Ouch! That really hurt!
You die...
Your body disappears without a glow.

####.........##.#........#.......
..###........##.#.#.............#
...#..............##.............
#.................#..##..........
..................##.............
..................##.#..#.......#
..................##.#.##.....>..
...............#####...##........
............○..#@#...............
.........#.##..#O#######.........
.......#####.....## ##..........
.........##.......####.#......O..
....##...##.......○°...##........
....##............####.###......#
....##...#...........#.........<#
.........#.....................)[
.......#.......°.................


You could see an ogre.

Vanquished Creatures
  An orc wizard (D:4)
  A worker ant (D:4)
  8 adders
  An adder zombie (D:3)
  2 worms
  A dart slug (D:3)
  7 leopard geckos
  8 orcs
  A ball python (D:1)
  9 bats
  A giant cockroach (D:3)
  5 goblins
  5 hobgoblins
  9 jackals
  3 kobolds
  2 frilled lizards
  13 rats
77 creatures vanquished.

Notes
Turn   | Place    | Note
-------+----------+-------------------------------------------
     0 | D:1      | tilp the Octopode Transmuter began the quest for the Orb.
     0 | D:1      | Reached XP level 1. HP: 13/13 MP: 3/3
    82 | D:1      | Found a broken altar of Ashenzari.
   378 | D:1      | Reached XP level 2. HP: 18/18 MP: 3/5
   381 | D:1      | Learned a level 2 spell: Wereblood
   991 | D:2      | Noticed Terence
  1188 | D:2      | You fall into a shaft and drop 2 floors!
  1188 | D:4      | Noticed an ogre
  1202 | D:3      | Gained mutation: Scrolls take you a little longer to read.
                  | [potion of mutation]
  1202 | D:3      | Gained mutation: You are strong-willed. (Will+) [potion of
                  | mutation]
  1202 | D:3      | Gained mutation: Your flesh is heat resistant. (rF+)
                  | [potion of mutation]
  1211 | D:3      | Reached XP level 3. HP: 10/23 MP: 4/6
  1422 | D:3      | Lost mutation: You are strong-willed. (Will+) [potion of
                  | mutation]
  1422 | D:3      | Lost mutation: Scrolls take you a little longer to read.
                  | [potion of mutation]
  1422 | D:3      | Lost mutation: Your flesh is heat resistant. (rF+) [potion
                  | of mutation]
  1422 | D:3      | Gained mutation: Your mind is acute. (Int +2) [potion of
                  | mutation]
  1422 | D:3      | Gained mutation: Your spells are a little harder to cast,
                  | but a little more powerful. [potion of mutation]
  2182 | D:2      | Reached XP level 4. HP: 19/28 MP: 3/7
  2290 | D:2      | Found a sparkling altar of Nemelex Xobeh.
  2307 | D:2      | Became a worshipper of Nemelex Xobeh the Trickster
  2380 | D:2      | Reached skill level 1 in Stealth
  2894 | D:2      | Found a burning altar of Makhleb.
  3206 | D:3      | Reached XP level 5. HP: 9/34 MP: 4/8
  4602 | D:4      | Reached * piety under Nemelex Xobeh
  4602 | D:4      | Received a gift from Nemelex Xobeh
  4898 | D:4      | Mangled by an ogre

Illustrated notes

Levels and vault maps discovered:
D:1:      matt_arrival_refuge, layout_loops_corners, chequers_garden,
          minmay_misc_feat_ornament, ashenzari_altar_1
D:2:      layout_basic, general_overflow_altar,
          nemelex_xobeh_ov_fountains_minmay, uniq_terence
D:3:      layout_loops_ring
D:4:      layout_cave_pools, hangedman_decor_points

Skill      XL: |  1  2  3  4  5 |
---------------+----------------+-----
Transmutations | 3 4 |  4.0
Stealth        | 2 4 |  4.0
Fighting       | 2 |  2.0
Unarmed Combat | 4 |  4.0
Dodging        | |  2.0
Spellcasting   | |  2.0

Action                   |  1- 3 |  4- 6 || total
-------------------------+-------+-------++-------
Melee: Unarmed           |    59 |   110 ||   169
       Kick              |    16 |    25 ||    41
       Constrict         |    14 |    35 ||    49
       Tentacles         |     5 |    10 ||    15
Throw: Dart              |       |    22 ||    22
 Cast: Beastly Appendage |    21 |    28 ||    49
       Wereblood         |       |     7 ||     7
Invok: Draw Destruction  |       |     3 ||     3
       Draw Escape       |       |     2 ||     2
  Use: Potion            |     5 |     3 ||     8
       Scroll            |       |     3 ||     3
 Stab: Sleeping          |     6 |     5 ||    11
Armor: Skin              |     3 |     8 ||    11
Dodge: Dodged            |    41 |    79 ||   120

Table legend: (Time is in decaauts)
 A = Elapsed time spent in this place.
 B = Non-inter-level travel time spent in this place.
 C = Inter-level travel time spent in this place.
 D = Time resting spent in this place.
 E = Time spent auto-exploring this place.
 F = Levels seen in this place.
 G = Mean time per level.
                   A        B        C        D        E       F      G
               +--------+--------+--------+--------+--------+-----+--------+
         Total |   4893 |   4653 |    240 |   1637 |   2399 |   4 | 1223.2 |
       Dungeon |   4893 |   4653 |    240 |   1637 |   2399 |   4 | 1223.2 |
               +--------+--------+--------+--------+--------+-----+--------+

Top non-repeatable levels by time:
     D:3: 1998 daAuts
     D:2: 1432 daAuts
     D:1: 1023 daAuts
     D:4: 438 daAuts
